 Dungeon Crawl Stone Soup version 0.26.1-2-gb8aa6d0cf2 (webtiles) character file.

Game seed: 2556165693975192426

395 kaldamae the Ducker (level 6, -5/55 HPs)
             Began as a Draconian Gladiator on Mar 30, 2021.
             Killed by nerve-wracking pain
             ... invoked by Grinder
              (13 damage)
             ... on level 3 of the Dungeon.
             The game lasted 00:05:39 (3118 turns).

kaldamae the Ducker (Draconian Gladiator)           Turns: 3118, Time: 00:05:40

Health: -5/55      AC:  7    Str: 16    XL:     6   Next: 52%
Magic:  6/6        EV: 15    Int:  8    God:
Gold:   61         SH:  0    Dex: 15    Spells: 5/5 levels left

rFire    + . .     SeeInvis .   a - +0 long sword
rCold    . . .     Faith    .   (no shield)
rNeg     . . .     Spirit   .   (armour unavailable)
rPois    .         Reflect  .   b - +0 hat
rElec    .         Harm     .   (no cloak)
rCorr    +         Rampage  .   o - +0 pair of gloves
Will     .....                  (no boots)
Stlth    +.........             (no amulet)
HPRegen  0.18/turn              e - ring of resist corrosion
MPRegen  0.10/turn              h - ring of protection from fire

@: flying
A: unfitting armour, cold-blooded, AC +6
a: no special abilities


You were on level 3 of the Dungeon.
You visited 1 branch of the dungeon, and saw 3 of its levels.

You collected 61 gold pieces.

Inventory:

Hand Weapons
 a - a +0 long sword (weapon)
Missiles
 c - 3 throwing nets
 u - 12 poisoned darts (quivered)
Armour
 b - a +0 hat (worn)
 o - a +0 pair of gloves (worn)
Jewellery
 e - a ring of resist corrosion (left hand)
 h - a ring of protection from fire (right hand)
Wands
 v - a wand of flame (3)
Scrolls
 i - 4 scrolls of remove curse {unknown}
 k - a scroll of immolation {unknown}
 l - a scroll of blinking {unknown}
 p - a scroll of teleportation {unknown}
 r - a scroll of identify {unknown}
 t - a scroll of magic mapping {unknown}
Potions
 f - 2 potions of brilliance {unknown}
 g - a potion of heal wounds
 j - a potion of attraction {unknown}
 m - a potion of ambrosia {unknown}
 n - a potion of lignification {unknown}
 q - a potion of magic {unknown}
 s - a potion of might {unknown}


   Skills:
 + Level 4.9 Fighting
 - Level 3.1 Long Blades
 - Level 1.8 Throwing
 + Level 5.5 Dodging


You had 5 spell levels left.
You didn't know any spells.
Your spell library was empty.

Dungeon Overview and Level Annotations

Branches:
Dungeon (3/15)

Altars:

Annotations:
D:3 Grinder


Innate Abilities, Weirdness & Mutations

Your plain brown scales are hard. (AC +6)
You cannot fit into any form of body armour.
You are cold-blooded and may be slowed by cold attacks.


Message History

Grinder says, "At least Makhleb appreciates what I'm doing."
Grinder hits you.
You writhe in agony.
You hit Grinder but do no damage.
Grinder is almost dead.
Grinder completely misses you.
You closely miss Grinder.
Grinder is almost dead.
Grinder hits you.
* * * LOW HITPOINT WARNING * * *
You writhe in agony.
* * * LOW HITPOINT WARNING * * *
There are no items here.
It was a potion of flight.
You feel very buoyant.
You fly up into the air.
Grinder barely misses you.
You closely miss Grinder.
Grinder is almost dead.
Grinder gestures at you. Pain shoots through your body!
You die...

#....#........
. #.#.######
......#..)...#
.######..###.#
#..†....# #.#
#####
###.......#
#.####....
#....######
#......###
#..†.####
########
#....@..# #
.........5.#
.....#.....#
.....#.....#
.....#.....#
#### #.....#
#.....#
......#


You could see Grinder.

Vanquished Creatures
  Sigmund (D:2)
  Ijyb (D:3)
  Natasha (thrice) (D:2)
  An orc wizard (D:3)
  Robin (D:2)
  3 adders (D:2)
  An ooze (D:2)
  2 worms
  2 leopard geckos
  3 orcs (D:3)
  3 bats
  2 giant cockroaches
  6 hobgoblins
  2 quokkas (D:2)
  3 frilled lizards
  11 goblins
  8 kobolds
  4 rats
57 creatures vanquished.

Notes
Turn   | Place    | Note
-------+----------+-------------------------------------------
     0 | D:1      | kaldamae the Draconian Gladiator began the quest for the
                  | Orb.
     0 | D:1      | Reached XP level 1. HP: 17/17 MP: 1/1
   313 | D:1      | Reached skill level 3 in Dodging
   313 | D:1      | Reached XP level 2. HP: 12/25 MP: 2/2
  1304 | D:2      | Noticed Natasha
  1311 | D:2      | Killed Natasha
  1312 | D:2      | Reached XP level 3. HP: 18/30 MP: 3/3
  1454 | D:2      | Noticed Natasha
  1462 | D:2      | Noticed Robin
  1487 | D:2      | Killed Natasha
  1488 | D:2      | Reached skill level 4 in Dodging
  1488 | D:2      | Reached XP level 4. HP: 22/38 MP: 4/4
  1629 | D:2      | Noticed Natasha
  1634 | D:2      | Killed Natasha
  1741 | D:2      | Killed Robin
  1935 | D:2      | Reached XP level 5. HP: 40/45 MP: 5/5
  2344 | D:2      | Noticed Sigmund
  2371 | D:2      | Killed Sigmund
  2372 | D:2      | Reached skill level 5 in Dodging
  2372 | D:2      | Reached XP level 6. HP: 15/53 MP: 6/6
  3023 | D:3      | Noticed Ijyb
  3046 | D:3      | Killed Ijyb
  3090 | D:3      | Noticed Grinder
  3099 | D:3      | Paralysed by Grinder for 3 turns
  3104 | D:3      | Paralysed by Grinder for 5 turns
  3108 | D:3      | HP: 1/55 [Grinder (6)]
  3118 | D:3      | Killed from afar by Grinder

Illustrated notes

Levels and vault maps discovered:
D:1:      minmay_arrival_plants_in_alcoves, layout_basic
D:2:      layout_loops_ring, uniq_natasha, uniq_sigmund, uniq_robin
D:3:      layout_basic, nicolae_overflow_hidden_temple, serial_co_window_serial,
          co_window_of_opportunity_a, co_window_paths_b, co_window_corner_a,
          co_window_paths_a, co_window_of_opportunity_a, co_window_cross_4,
          co_window_corner_ca, co_window_corner_b, co_window_4corner_b,
          co_window_paths_d, glass_columns_a, uniq_terence, uniq_ijyb,
          uniq_grinder

Skill      XL: |  1  2  3  4  5 |
---------------+----------------+-----
Dodging        | 3 4 5 |  5.5
Fighting       | 3 4 |  4.9
Long Blades    | |  3.1
Throwing       | |  1.8

Action                   |  1- 3 |  4- 6 || total
-------------------------+-------+-------++-------
Melee: Long sword        |    63 |   140 ||   203
       Tailslap          |     4 |    27 ||    31
Throw: Dart              |       |     2 ||     2
  Use: Potion            |       |     3 ||     3
 Stab: Sleeping          |       |     2 ||     2
Armor: Skin              |    19 |    33 ||    52
Dodge: Dodged            |    76 |    90 ||   166
       Rpst.: Long sword |    26 |    25 ||    51
